 Dungeon Crawl Stone Soup version 0.31-a0-744-gbc345e7fcb (webtiles) character file.

Game seed: 13096118569922168112

11028 scionoferis the Gouger (level 11, -24/53 HPs)
             Began as a Felid Shapeshifter on Sept 13, 2023.
             Was an Initiate of Gozag.
             Annihilated by a skeletal warrior
             ... wielding a +0 long sword
              (25 damage)
             ... on level 7 of the Dungeon.
             The game lasted 01:23:14 (16220 turns).

scionoferis the Gouger (Felid Shapeshifter)        Turns: 16220, Time: 01:23:15

Health: -24/53     AC:  2    Str: 10    XL:     11   Next: 43%
Magic:  12/12      EV: 24    Int: 12    God:    Gozag
Gold:   515        SH:  0    Dex: 20    Spells: 10/10 levels left
                                        Lives:  0   Deaths: 4

rFire   + .          .
                       - Unarmed
rCold   . . .        (shield unavailable)
rNeg    + . .        (body armour unavailable)
rPois   .            (helmet unavailable)
rElec   .            (cloak unavailable)
rCorr   .            (gloves unavailable)
SInv    +            (boots unavailable)
Will    +....        C - amulet of the acrobat
Stlth   +++          f - ring of protection from fire
HPRegen 0.28/turn    g - ring of positive energy
MPRegen 0.13/turn

%: acrobat
@: mighty, beast-form, gold aura, studying Fire Magic, quick
A: beast (slay +3), very small, claws 1, fangs 3, see invisible, speed 1, shaggy
fur 2, stealthy paws, no weapons or thrown items, no armour, multi-lived
a: Begin Untransformation, Renounce Religion, Potion Petition, Call Merchant,
Bribe Branch


You were on level 7 of the Dungeon.
You worshipped Gozag.
Gozag was pleased with you.
You were a hulking beast.
You visited 2 branches of the dungeon, and saw 11 of its levels.
You also visited: Bailey.

You collected 890 gold pieces.
You spent 154 gold pieces at shops.
You paid 221 gold pieces to Gozag.


Innate Abilities, Weirdness & Mutations

You are a hulking beast.
Your limbs bulge with bestial killing power. (Slay +3)
You have sharp claws.
You have razor-sharp teeth.
You have supernaturally acute eyesight. (SInv)
You cover ground quickly. (Speed+)
You are covered in thick fur. (AC +2)
Your paws help you pounce on unaware monsters.
You are incapable of wielding weapons or throwing items.
You cannot wear armour.
You gain extra lives every three experience levels.


   Skills:
 - Level 9.0 Fighting
 - Level 9.0 Dodging
 - Level 6.0 Stealth
 * Level 11.8 Unarmed Combat
 + Level 5.8 Evocations
 + Level 6.7 Shapeshifting


You had 10 spell levels left.
You didn't know any spells.
Your spell library contained the following spells:

 Spells                   Type           Power      Damage    Failure   Level
 Foxfire                  Conj/Fire      0%         2x1d4     32%         1
 Slow                     Hex            0%         N/A       32%         1
 Blink                    Tloc           0%         N/A       45%         2
 Lesser Beckoning         Tloc           0%         N/A       45%         2
 Momentum Strike          Conj/Tloc      0%         3d8       45%         2
 Static Discharge         Conj/Air       0%         2-2/arc   45%         2
 Confusing Touch          Hex            0%         N/A       69%         3
 Inner Flame              Hex/Fire       0%         N/A       69%         3
 Sigil of Binding         Hex            0%         N/A       69%         3
 Tukima's Dance           Hex            0%         N/A       69%         3
 Vampiric Draining        Necr           0%         2d6       69%         3
 Flame Wave               Conj/Fire      0%         2d4       97%         4
 Passage of Golubria      Tloc           0%         N/A       97%         4
 Sticky Flame             Conj/Fire      0%         2d3       97%         4
 Freezing Cloud           Conj/Ice/Air   0%         6-21      100%        5
 Yara's Violent Unravell  Hex/Tmut       0%         3d3       100%        5
 Conjure Ball Lightning   Conj/Air       0%         3x3d6     100%        6
 Plasma Beam              Fire/Air       0%         2x1d10    100%        6
 Starburst                Conj/Fire      0%         6d3       100%        6
 Enfeeble                 Hex            0%         N/A       100%        7

Inventory:

Jewellery
 f - a ring of protection from fire (left paw)
   (You found it on level 1 of the Dungeon)
 g - a ring of positive energy (right paw)
   (You found it on level 1 of the Dungeon)
 C - an amulet of the acrobat (around neck)
   (You found it on level 10 of the Dungeon)
 F - a ring of positive energy
   (You found it on level 7 of the Dungeon)
Talismans
 b - a beast talisman (active)
 c - a flux talisman
Wands
 h - a wand of paralysis (1)
   (You found it on level 3 of the Dungeon)
 s - a wand of polymorph (2)
   (You found it on level 6 of the Dungeon)
 y - a wand of flame (8)
   (You found it on level 9 of the Dungeon)
Scrolls
 e - a scroll of fog
 j - 4 scrolls of noise
 k - 2 scrolls of fear
 l - a scroll of poison
 m - 5 scrolls of amnesia
 n - 4 scrolls of teleportation
 q - a scroll of immolation
 r - a scroll of acquirement
 v - a scroll of torment
 w - 2 scrolls of blinking
 x - a scroll of revelation
 A - 2 scrolls of vulnerability
 B - a scroll of summoning
Potions
 a - a potion of lignification
 d - 2 potions of mutation
 i - 2 potions of brilliance
 o - 5 potions of curing
 p - a potion of might
 t - a potion of attraction
 u - 2 potions of heal wounds {unknown}
 z - a potion of resistance {unknown}
 D - a potion of degeneration {unknown}
Miscellaneous
 E - a phantom mirror
   (You found it on level 10 of the Dungeon)

Dungeon Overview and Level Annotations

Branches:
Dungeon (10/15)            Temple (1/1) D:5             Orc (0/2) D:9
 Bailey (visited)
   Lair: D:8-11

Altars:
Ashenzari
Cheibriados
Dithmenos
Elyvilon
Fedhas
Gozag
Hepliaklqana
Kikubaaqudgha
Makhleb
Nemelex Xobeh
Okawaru
Qazlal
Ru
Sif Muna
Trog
Uskayaw
Vehumet
Wu Jian
Xom
Yredelemnul
Zin
The Shining One

Shops:
D:4 (   D:6 ?(

Portals:
Trove: D:10 (give horn of Geryon)

Annotations:
D:7 ! dangerous stuff
D:8 dig for loot, 1 runed translucent door, Joseph; pokeman's ghost, novice DEHW
D:9 Gastronok

#### #####'.# #≈.z..#.#
#≈..z.#.#
##########≈zz..#.#
...($....#≈≈≈≈≈#.#
......##.$# #.# ..~~~~~~..#
##h# ...~~.~...### #$z#
~~~≈~~~~≈≈≈≈###.##
~≈.~~≈≈≈≈≈≈≈≈##.#
.~.~~.....##≈##.###########
.~~.....~#.#≈≈#...##......#
~.~...~~#### ####.........#
#.####### ####......# #.#
#......#


You could see a skeletal warrior.


Message History

There are no items here.
The hound is no longer distracted by gold.
You see here a potion of curing.
o - 5 potions of curing (gained 1)
The hound barks!
The hound completely misses you.
There is a large open door, spattered with blood here.
Things that are here:
8 gold pieces; a +0 whip; a +0 robe You claw the hound!
The hound is almost dead.
The hound closely misses you.
You claw the hound!
You kill the hound!
You see here 6 gold pieces.
There is a large open door, spattered with blood here.
Things that are here:
8 gold pieces; a +0 whip; a +0 robe
As you read the scroll of identify, it crumbles to dust.
w - a scroll of blinking
There is a large open door, spattered with blood here.
Things that are here:
8 gold pieces; a +0 whip; a +0 robe You see here 6 gold pieces.
Found a scroll labelled QOQINAEFIS.
There is a large open door here.
Press: ? - help, v - describe, . - travel, g - get item
Here: a gnoll sergeant, wielding a +0 heavy trident, wearing a +0 ring mail and carrying a wand of paralysis (wandering, hasn't noticed you) Item here: 6 gold pieces.
The floor.
You close the large door.
You start waiting.
A gnoll sergeant opens the door.
It is wielding a +0 heavy trident and carrying a wand of paralysis.
The gnoll sergeant shouts!
The gnoll sergeant completely misses you.
There is a large open door here.
You claw the gnoll sergeant! x2
The gnoll sergeant is almost dead.
You claw the gnoll sergeant!
You kill the gnoll sergeant!
Items here: $ ) / [.
h - a wand of paralysis (9) (gained 6 charges)
You see here a scroll labelled QOQINAEFIS.
A - a scroll labelled QOQINAEFIS
Found 10 gold pieces.
Okay, then.
Search for what [Enter for "d:9", or ? for help]? scroll Unknown command.
Sorry, I don't know how to get there.
There is a large open door, spattered with blood here.
You see here 6 gold pieces.
Things that are here:
10 gold pieces; a +0 short sword
Things that are here:
30 gold pieces; a +0 shortbow; a +0 club
Things that are here:
7 gold pieces; a +2 heavy flail
Things that are here:
59 gold pieces; a +0 orcbow
There is an open door here.
You see here 35 gold pieces.
Things that are here:
16 gold pieces; a +4 whip; 3 stones
There is an open gate here.
You see here a +1 war axe of flaming.
You see here 19 gold pieces.
There is an open door here.
There is an open door here.
There is an open door here.
There is an open door here.
There is an open door here.
You see here a +0 short sword.
You see here 17 gold pieces.
You see here 39 gold pieces.
You see here a scroll of amnesia.
m - 4 scrolls of amnesia (gained 1) Search for what [Enter for "scroll", or ? for help]? vuln
There is a stone staircase leading up here.
You climb upwards.
Level annotation: dig for loot, 1 runed translucent door, Joseph; pokeman's ghost, novice DEHW
There is a stone staircase leading down here.
There is a stone staircase leading up here.
Warning, next level annotated: ! dangerous stuff, exclusion: door You climb upwards.
There is a stone staircase leading down here.
There is a stone staircase leading up here.
You climb upwards.
There is a stone staircase leading down here.
There is an entrance to Teokomem's Magic Scroll Shop here.
A - 2 scrolls of vulnerability (gained 1) Thank you for shopping at Teokomem's Magic Scroll Shop!
There is an entrance to Teokomem's Magic Scroll Shop here.
There is a stone staircase leading down here.
Warning, next level annotated: ! dangerous stuff, exclusion: door You climb downwards.
There is a stone staircase leading up here.
There is a stone staircase leading down here.
You climb downwards.
Level annotation: dig for loot, 1 runed translucent door, Joseph; pokeman's ghost, novice DEHW
There is a stone staircase leading up here.
Things that are here:
7 gold pieces; 3 stones; a +0 dagger
Things that are here:
4 gold pieces; a stone; a +0 dagger Unknown command.
Aiming: Paralyse
Press: ? - help, Shift-Dir - straight line, f - two-headed ogre
Aim: a two-headed ogre, wielding two +0 giant clubs (wandering, hasn't noticed you, chance to affect: 43%)
Okay, then.
Unknown command.
Okay, then.
Unknown command.
Press: ? - help, v - describe, . - travel
Here: a two-headed ogre, wielding two +0 giant clubs The floor.
Aiming: Paralyse
Press: ? - help, Shift-Dir - straight line, f - two-headed ogre
Aim: a two-headed ogre, wielding two +0 giant clubs (chance to affect: 43%)
The two-headed ogre resists with some effort.
The two-headed ogre hits you with a +0 giant club! x2
Unknown command.
Aiming: Paralyse
Press: ? - help, Shift-Dir - straight line, f/p - two-headed ogre
Aim: a two-headed ogre, wielding two +0 giant clubs (chance to affect: 43%)
The two-headed ogre resists with some effort.
Unknown command.
Aiming: Paralyse
Press: ? - help, Shift-Dir - straight line, f/p - two-headed ogre
Aim: a two-headed ogre, wielding two +0 giant clubs (chance to affect: 43%)
The two-headed ogre resists with some effort.
The two-headed ogre misses you. The two-headed ogre barely misses you.
Unknown command.
Aiming: Paralyse
Press: ? - help, Shift-Dir - straight line, f/p - two-headed ogre
Aim: a two-headed ogre, wielding two +0 giant clubs (chance to affect: 43%)
The two-headed ogre resists with some effort.
The two-headed ogre misses you. The two-headed ogre barely misses you.
Aiming: Paralyse
Press: ? - help, Shift-Dir - straight line, f/p - two-headed ogre
Aim: a two-headed ogre, wielding two +0 giant clubs (chance to affect: 43%)
The two-headed ogre resists with some effort.
Aiming: Paralyse
Press: ? - help, Shift-Dir - straight line, f/p - two-headed ogre
Aim: a two-headed ogre, wielding two +0 giant clubs (chance to affect: 43%)
The two-headed ogre resists with some effort.
The two-headed ogre misses you. The two-headed ogre barely misses you.
Aiming: Paralyse
Press: ? - help, Shift-Dir - straight line, f/p - two-headed ogre
Aim: a two-headed ogre, wielding two +0 giant clubs (chance to affect: 43%)
The two-headed ogre resists with some effort.
The two-headed ogre completely misses you.
The two-headed ogre hits you with a +0 giant club!!
* * * LOW HITPOINT WARNING * * *
Aiming: Paralyse
Press: ? - help, Shift-Dir - straight line, f/p - two-headed ogre
Aim: a two-headed ogre, wielding two +0 giant clubs (chance to affect: 43%)
The two-headed ogre suddenly stops moving!
The helpless two-headed ogre fails to defend itself.
You eviscerate the two-headed ogre!!!!
You kill the two-headed ogre!
You have reached level 11!
Things that are here:
17 gold pieces; a +0 giant club; a +0 giant club
There is a stone staircase leading up here.
Things that are here:
3 gold pieces; a +0 club Warning, next level annotated: ! dangerous stuff, exclusion: door
Okay, then.
You start resting.
HP restored.
Unknown command.
Press: ? - help, . - travel You can't see that place. [the floor.] Search for what [Enter for "vuln", or ? for help]? d:8 Unknown command.
Unknown command.
There is a stone staircase leading down here.
You climb downwards.
Level annotation: Gastronok
There is a stone staircase leading up here.
Press: ? - help, v - describe, . - travel
Here: a killer bee (asleep)
The floor.
Okay, then.
Unknown command.
A killer bee comes into view.
The helpless killer bee fails to defend itself.
You eviscerate the killer bee!!!!
You kill the killer bee!
The killer bee buzzes angrily.
The killer bee barely misses you. The killer bee completely misses you.
The killer bee attacks as it pursues you!
The killer bee misses you.
The killer bee stings you but does no damage.
The killer bee is distracted by your dazzling golden aura. x2
The killer bee is no longer distracted by gold.
There is a stone staircase leading up here.
The killer bee buzzes angrily. x2
Unknown command.
The killer bee is no longer distracted by gold.
You miss the killer bee. Your bite misses the killer bee.
The killer bee completely misses you. The killer bee barely misses you.
You barely miss the killer bee. You bite the killer bee!
The killer bee is moderately wounded.
The killer bee closely misses you. The killer bee completely misses you.
You miss the killer bee.
The killer bee is moderately wounded.
The killer bee completely misses you.
You miss the killer bee.
The killer bee is moderately wounded.
The killer bee barely misses you. The killer bee completely misses you.
You miss the killer bee.
The killer bee is moderately wounded.
The killer bee completely misses you.
You scratch the killer bee. You bite the killer bee.
The killer bee is almost dead.
The killer bee stings you.
You are poisoned.
The killer bee poisons you! The killer bee closely misses you.
You mangle the killer bee!!
You kill the killer bee!
You feel sick. The killer bee completely misses you.
You claw the killer bee!
The killer bee is severely wounded.
You feel sick. The killer bee completely misses you.
You closely miss the killer bee. Your bite misses the killer bee.
The killer bee is severely wounded.
You feel sick. The killer bee closely misses you. The killer bee stings you.
You completely miss the killer bee.
The killer bee is severely wounded.
You feel sick.
The killer bee completely misses you. x2
You claw the killer bee!
You kill the killer bee!
You feel sick.
You miss the killer bee.
You feel sick. The killer bee misses you.
The killer bee stings you but does no damage.
You closely miss the killer bee.
You claw the killer bee, but do no damage.
You bite the killer bee.
The killer bee is moderately wounded.
The killer bee stings you.
You scratch the killer bee.
The killer bee is heavily wounded.
You feel sick.
The killer bee completely misses you. x2
You closely miss the killer bee.
The killer bee is heavily wounded.
You feel sick.
You are no longer poisoned.
The killer bee stings you.
The killer bee is distracted by your dazzling golden aura.
The killer bee buzzes angrily.
You scratch the killer bee.
The killer bee is no longer distracted by gold.
The killer bee is severely wounded.
The killer bee completely misses you.
You claw the killer bee!
You kill the killer bee!
Your Evocations skill increases to level 5!
You start resting.
HP restored.
Autopickup is now on.
Autopickup is now off.
You see here 17 gold pieces.
You see here 9 gold pieces.
Unknown command.
Things that are here:
9 gold pieces; a +2 robe of fire resistance; a +2 scimitar of flaming Search for what [Enter for "d:8", or ? for help]? d:9 You see here 18 gold pieces.
There is an open door here.
There is an open door here.
Gastronok gurgles horribly!
Gastronok looks at you and mumbles some strange words.
You feel yourself slow down.
There is an open door here.
You feel yourself speed up.
There is an open door here.
You see here 18 gold pieces.
Things that are here:
9 gold pieces; a +2 robe of fire resistance; a +2 scimitar of flaming You see here 9 gold pieces.
You see here 17 gold pieces.
There is a stone staircase leading up, spattered with blood here.
You climb upwards.
Level annotation: dig for loot, 1 runed translucent door, Joseph; pokeman's ghost, novice DEHW
There is a stone staircase leading down here.
There is a stone staircase leading down here.
You climb downwards.
Level annotation: Gastronok
There is a stone staircase leading up here.
Things that are here:
32 gold pieces; a +0 robe; a +0 dagger
Things that are here:
22 gold pieces; a +0 shortbow
There is a stone staircase leading down here.
You climb downwards.
Found 6 stones and a ring mail.
There is a stone staircase leading up here.
Found a stone staircase leading down.
There is a stone staircase leading down here.
A shadow comes into view.
Found a scroll labelled ATZIYSY VYO.
You mangle the shadow!!
The shadow is severely damaged.
The shadow hits you.
You scratch the shadow.
The shadow is severely damaged.
You scratch the shadow.
The shadow is almost destroyed.
The shadow completely misses you.
You closely miss the shadow.
The shadow is almost destroyed.
The shadow completely misses you.
You claw the shadow!
You destroy the shadow!
You see here 8 gold pieces.
You see here a scroll labelled ATZIYSY VYO.
B - a scroll labelled ATZIYSY VYO An orc comes into view.
It is wielding a +0 club.
The orc moves out of view.
A shadow comes into view.
An orc wizard comes into view. It is wielding a +0 dagger.
The orc shouts!
You hear a shout! x2
An orc comes into view. It is wielding a +0 whip.
The orc wizard shouts!
You hear a shout! x2
You scratch the orc. You bite the orc.
You kill the orc!
The orc wizard points at you and mumbles some strange words.
The puff of flame misses you.
Things that are here:
7 gold pieces; a +0 club An orc priest and an orc wizard come into view.
The orc wizard shouts!
The orc priest invokes the aid of Beogh against you.
Beogh smites you! The orc wizard closely misses you.
You scratch the orc wizard.
The orc wizard is lightly wounded.
The orc wizard completely misses you.
Things that are here:
7 gold pieces; a +0 club You claw the orc!
You kill the orc!
You claw the orc wizard!
The orc wizard is severely wounded.
The orc wizard is distracted by your dazzling golden aura.
The orc wizard shouts!
You scratch the orc wizard but do no damage.
The orc wizard is no longer distracted by gold.
The orc wizard is severely wounded.
You scratch the orc wizard. You bite the orc wizard.
You kill the orc wizard!
You mangle the orc priest!!
You kill the orc priest!
You scratch the orc wizard.
The orc wizard is lightly wounded.
The orc wizard hits you but does no damage.
You scratch the orc wizard. You claw the orc wizard.
The orc wizard is heavily wounded.
You closely miss the orc wizard.
The orc wizard is heavily wounded.
The orc wizard barely misses you.
You completely miss the orc wizard.
The orc wizard is heavily wounded.
The orc wizard completely misses you.
You completely miss the orc wizard. Your bite misses the orc wizard.
The orc wizard is heavily wounded.
The orc wizard is distracted by your dazzling golden aura.
You claw the orc wizard!
You kill the orc wizard!
You start resting.
HP restored.
Items here: $ ))))) [[[.
Found 6 stones.
You see here 6 stones.
Found a scroll of identify.
You see here a scroll of identify.
C - a scroll of identify
As you read the scroll of identify, it crumbles to dust.
x - a scroll of revelation A cyclops comes into view.
The cyclops shouts!
The cyclops throws a large rock.
The large rock closely misses you.
You start waiting.
A cyclops is nearby!
The cyclops completely misses you.
You barely miss the cyclops.
You scratch the cyclops but do no damage.
You bite the cyclops.
The cyclops is lightly wounded.
The cyclops hits you!
You barely miss the cyclops. Your bite misses the cyclops.
The cyclops is lightly wounded.
You claw the cyclops!
The cyclops is moderately wounded.
The cyclops completely misses you.
You scratch the cyclops.
The cyclops is heavily wounded.
You barely miss the cyclops. You claw the cyclops.
Your bite misses the cyclops.
The cyclops is heavily wounded.
The cyclops barely misses you.
You claw the cyclops! You bite the cyclops, but do no damage.
The cyclops is severely wounded.
You claw the cyclops!
The cyclops is almost dead.
The cyclops barely misses you.
You claw the cyclops!
You kill the cyclops!
You start resting.
HP restored.
Found a stone staircase leading down.
Found a blue potion.
Found 5 stones.
Found a triangular garnet amulet.
The troll shouts!
You see here an amulet of the acrobat.
C - an amulet of the acrobat You claw the troll!
The troll is heavily wounded.
The troll misses you. x2; The troll claws you.
You scratch the troll but do no damage.
The troll is heavily wounded.
The troll barely misses you. The troll completely misses you. x2
You scratch the troll.
The troll is heavily wounded.
You barely miss the troll. You bite the troll.
The troll is heavily wounded.
The troll closely misses you. x2; The troll completely misses you.
You claw the troll!
You kill the troll!
You see here 15 gold pieces.
You start putting on your amulet.
You continue putting on your amulet of the acrobat. x5
You finish putting on your amulet of the acrobat.
You feel ready to tumble and roll out of harm's way.
C - an amulet of the acrobat (around neck)
You start resting.
HP restored.
You see here 15 gold pieces.
You see here a blue potion.
D - a blue potion A kobold demonologist comes into view.
It is wielding a +0 dagger.
You see here 8 gold pieces.
A death yak and a kobold come into view.
Found a scroll of fear.
Press: ? - help, v - describe, . - travel
Here: a death yak (asleep)
The floor.
You see here a manual of Fire Magic.
Something appears before you!
You pick up a manual of Fire Magic and begin studying.
A yak comes into view.
You see here a +0 ring mail.
Found a hand axe.
Found an arbalest.
You claw the shadow! You bite the shadow.
The shadow is heavily damaged.
The shadow hits you!
You completely miss the shadow.
The shadow is heavily damaged.
The shadow misses you.
You scratch the shadow.
The shadow is severely damaged.
The shadow completely misses you.
You claw the shadow!
You destroy the shadow!
You start resting.
HP restored.
You scratch the kobold demonologist.
The kobold demonologist is lightly wounded.
You mangle the kobold demonologist!! You claw the kobold demonologist!
The kobold demonologist is almost dead.
The kobold demonologist hits you with a +0 dagger.
You scratch the kobold demonologist.
You kill the kobold demonologist!
Training target 9.0 for Dodging reached!
Your Dodging skill increases to level 9!
Things that are here:
4 gold pieces; a +0 dagger; a +0 robe
Okay, then.
You start resting.
HP restored.
Found a stone staircase leading up.
A killer bee comes into view.
Found a robe.
Found a dagger.
Found a stone staircase leading down.
A death yak comes into view.
Found 4 stones. 2 death yaks come into view.
Okay, then.
Unknown command.
Found 23 gold pieces.
Found a scroll of amnesia.
You see here a scroll of amnesia.
m - 5 scrolls of amnesia (gained 1)
Found a stone staircase leading up.
Found a phantom mirror.
You see here a phantom mirror.
E - a phantom mirror An orc comes into view.
It is wielding a +0 dagger.
An orc comes into view. It is wielding a +0 whip.
The orc shouts!
An orc wizard comes into view. It is wielding a +2 vampiric dagger.
An orc comes into view. It is wielding a +0 flail.
An orc wizard comes into view. It is wielding a +0 dagger.
The orc wizard shouts!
There is a stone staircase leading up here.
The orc wizard gestures wildly while chanting.
The orc wizard flickers and vanishes for a moment.
You claw the orc!
You kill the orc!
You start waiting.
An orc wizard is nearby!
The orc wizard completely misses you.
You barely miss the orc wizard.
You claw the orc wizard, but do no damage.
You bite the orc wizard.
The orc wizard is moderately wounded.
The orc wizard closely misses you.
You scratch the orc wizard.
The orc wizard is almost dead.
The orc wizard casts a spell at you. The puff of flame misses you.
You claw the orc wizard!
You kill the orc wizard!
You start waiting.
An orc is nearby!
Things that are here:
5 gold pieces; a +2 vampiric dagger; a +0 robe The orc completely misses you.
You barely miss the orc.
The orc wizard shouts!
You scratch the orc but do no damage. You bite the orc, but do no damage.
The orc closely misses you.
You claw the orc!
You kill the orc!
There is a stone staircase leading up here.
The orc wizard closely misses you.
You scratch the orc wizard but do no damage.
You scratch the orc wizard but do no damage.
The orc wizard misses you.
You scratch the orc wizard. Your bite misses the orc wizard.
The orc wizard is moderately wounded.
The orc wizard completely misses you.
You completely miss the orc wizard.
The orc wizard is moderately wounded.
The orc wizard casts a spell at you. You resist with almost no effort.
You closely miss the orc wizard.
The orc wizard is moderately wounded.
You barely miss the orc wizard.
The orc wizard is moderately wounded.
The orc wizard closely misses you.
You claw the orc wizard!
You kill the orc wizard!
Search for what [Enter for "d:9", or ? for help]? d:10
Found 12 gold pieces.
You see here 12 gold pieces.
An orc priest comes into view. It is wielding a +0 flail.
An orc warrior comes into view. It is wielding a +0 flail.
The orc warrior shouts!
The orc priest shouts!
You hear an angry buzzing noise.
An orc priest comes into view. It is wielding a +0 short sword.
You start waiting.
An orc warrior is nearby!
The orc shouts!
The orc hits you with a +0 whip.
You claw the orc!
You kill the orc!
You start resting.
HP restored.
An orc wizard comes into view. It is wielding a +0 dagger. x2
The orc priest looks encouraged for a moment.
The orc warrior is distracted by your dazzling golden aura.
The orc priest begins to cast a cantrip, but forgets the words!
You barely miss the orc priest. Your bite misses the orc priest.
The orc priest hits you with a +0 flail!
You claw the orc priest!
You kill the orc priest!
You start resting.
HP restored.
Things that are here:
5 gold pieces; a +0 flail
Things that are here:
5 gold pieces; a +0 flail The orc wizard shouts!
You mangle the orc warrior!! Your bite misses the orc warrior.
The orc warrior is severely wounded.
The orc priest shouts!
You claw the orc warrior!
You kill the orc warrior!
Training target 9.0 for Fighting reached!
Your Fighting skill increases to level 9!
The orc wizard points at you and mumbles some strange words.
You resist with almost no effort.
The orc wizard is distracted by your dazzling golden aura.
The orc wizard gestures wildly while chanting.
The orc wizard flickers and vanishes for a moment.
There is a stone staircase leading up here.
The orc wizard shouts loudly.
Things that are here:
5 gold pieces; a +2 vampiric dagger; a +0 robe You start waiting.
An orc wizard is nearby!
You scratch the orc wizard.
The orc wizard is moderately wounded.
The orc wizard completely misses you.
You scratch the orc wizard.
The orc wizard is severely wounded.
The orc wizard gestures at you while chanting.
The puff of flame hits you. You resist.
You scratch the orc wizard.
You kill the orc wizard!
You start resting.
HP restored.
Things that are here:
9 gold pieces; a +0 dagger; a +0 robe
Things that are here:
5 gold pieces; a +2 vampiric dagger; a +0 robe
There is a stone staircase leading up here.
The orc wizard shouts!
You claw the orc wizard! Your bite misses the orc wizard.
The orc wizard is severely wounded.
You scratch the orc wizard but do no damage.
The orc wizard is severely wounded.
The orc wizard completely misses you.
You claw the orc wizard!
You kill the orc wizard!
Things that are here:
5 gold pieces; a +0 flail The orc priest completely misses you.
You claw the orc priest!
The orc priest is almost dead.
The orc priest misses you.
You scratch the orc priest.
The orc priest is almost dead.
The orc priest misses you.
You claw the orc priest!
You kill the orc priest!
Search for what [Enter for "d:10", or ? for help]?
Found a portal to a secret trove of treasure.
Found a scroll of blinking.
You see here a scroll of blinking.
w - 2 scrolls of blinking (gained 1)
There is a portal to a secret trove of treasure here.
Okay, then.
Unknown command.
There is a stone staircase leading up here.
There is a stone staircase leading up here.
You climb upwards.
Level annotation: Gastronok
There is a stone staircase leading down here.
Unknown command.
There is a stone staircase leading down here.
There is a stone staircase leading up here.
Search for what [Enter for "d:10", or ? for help]? artefact Unknown command.
You climb upwards.
Level annotation: dig for loot, 1 runed translucent door, Joseph; pokeman's ghost, novice DEHW
There is a stone staircase leading down here.
There is a stone staircase leading down here.
Items here: $ ( ) [.
Things that are here:
7 gold pieces; a +0 club
Things that are here:
4 gold pieces; 2 poisoned darts; a +0 whip
Items here: $ (( )).
Press: ? - help, v - describe, . - travel
Here: pokeman's ghost, wielding a weapon of speed (wandering, hasn't noticed you, fire blocked by a translucent stone wall)
The floor.
Press: ? - help, v - describe, . - travel The floor.
There is a stone staircase leading up, spattered with blood here.
Warning, next level annotated: ! dangerous stuff, exclusion: door You climb upwards.
There is a stone staircase leading down, spattered with blood here.
Unknown command.
Items here: $ )) [.
There is an open door here.
Press: ? - help, v - describe, . - travel A closed door.
Removed exclusion.
You open the door.
There is an open door here.
You catch the helpless komodo dragon completely off-guard!
You eviscerate the komodo dragon!!!
You bite the komodo dragon, but do no damage.
The komodo dragon is almost dead.
The komodo dragon completely misses you.
You scratch the komodo dragon.
The komodo dragon is almost dead.
You mangle the komodo dragon!!
You kill the komodo dragon!
Autopickup is now on.
Autopickup is now off.
You see here 13 gold pieces.
You see here 13 gold pieces.
Things that are here:
6 gold pieces; a +0 flail
Things that are here:
6 gold pieces; a +0 dagger You see here 4 gold pieces.
You see here 13 gold pieces.
Things that are here:
a scroll of identify; a ring of positive energy
Okay, then.
F - a ring of positive energy;
G - a scroll of identify You see here a +0 ring mail of willpower.
You see here 13 gold pieces.
As you read the scroll of identify, it crumbles to dust.
B - a scroll of summoning You see here 4 gold pieces.
Things that are here:
6 gold pieces; a +0 dagger
Things that are here:
6 gold pieces; a +0 flail You see here 13 gold pieces.
You see here 13 gold pieces.
There is an open door here.
There is an open door here.
Items here: $ )) [.
Things that are here:
18 gold pieces; a +0 leather armour; a +0 short sword
There is a stone staircase leading down here.
You see here 14 gold pieces.
There is a stone staircase leading up here. 2 skeletal warriors come into view.
Press: ? - help, . - travel You can't see that place. [the floor.]
You start waiting.
A skeletal warrior is nearby!
You closely miss the skeletal warrior. You barely miss the skeletal warrior.
You bite the skeletal warrior.
The skeletal warrior is lightly damaged.
The skeletal warrior completely misses you.
You scratch the skeletal warrior.
The skeletal warrior is lightly damaged.
The skeletal warrior completely misses you.
You scratch the skeletal warrior but do no damage.
You bite the skeletal warrior, but do no damage.
The skeletal warrior is lightly damaged.
The skeletal warrior hits you with a +0 battleaxe!!
There is a stone staircase leading up here.
You climb upwards.
There is a stone staircase leading down here.
You start resting.
HP restored.
There is a stone staircase leading down here.
Warning, next level annotated: ! dangerous stuff You climb downwards.
There is a stone staircase leading up here.
There is a stone staircase leading down here.
You enter the shallow water.
Moving in this stuff is going to be slow.
You enter the shallow water.
Moving in this stuff is going to be slow.
You see here 14 gold pieces.
There is a stone staircase leading up here.
Okay, then.
Unknown command.
You start waiting.
A skeletal warrior is nearby!
You claw the skeletal warrior!
The skeletal warrior is moderately damaged.
You scratch the skeletal warrior but do no damage.
The skeletal warrior is moderately damaged.
The skeletal warrior barely misses you.
You scratch the skeletal warrior but do no damage.
The skeletal warrior is moderately damaged.
The skeletal warrior closely misses you.
You barely miss the skeletal warrior.
You bite the skeletal warrior, but do no damage.
The skeletal warrior is moderately damaged.
The skeletal warrior hits you with a +0 battleaxe.
You scratch the skeletal warrior.
The skeletal warrior is moderately damaged.
The skeletal warrior hits you with a +0 battleaxe!!
You claw the skeletal warrior!
The skeletal warrior is severely damaged.
You scratch the skeletal warrior but do no damage.
The skeletal warrior is severely damaged.
The skeletal warrior hits you with a +0 battleaxe!
You scratch the skeletal warrior but do no damage.
You claw the skeletal warrior, but do no damage.
The skeletal warrior is heavily damaged.
The skeletal warrior hits you with a +0 battleaxe!
* * * LOW HITPOINT WARNING * * *
The skeletal warrior attacks as it pursues you!
The skeletal warrior completely misses you.
There is a stone staircase leading up here.
There is a stone staircase leading down here.
You climb downwards.
Level annotation: dig for loot, 1 runed translucent door, Joseph; pokeman's ghost, novice DEHW
There is a stone staircase leading up here.
Things that are here:
5 gold pieces; a +0 spear
There is a stone staircase leading up, spattered with blood here.
You start resting.
HP restored.
Warning, next level annotated: ! dangerous stuff You climb upwards.
There is a stone staircase leading down, spattered with blood here.
You claw the skeletal warrior!
The skeletal warrior is moderately damaged.
The skeletal warrior hits you with a +0 battleaxe!
You scratch the skeletal warrior.
The skeletal warrior is moderately damaged.
The skeletal warrior completely misses you.
You scratch the skeletal warrior.
The skeletal warrior is moderately damaged.
The skeletal warrior completely misses you.
You claw the skeletal warrior!
The skeletal warrior is heavily damaged.
You claw the skeletal warrior!
You bite the skeletal warrior, but do no damage.
The skeletal warrior is severely damaged.
The skeletal warrior closely misses you.
You claw the skeletal warrior!
The skeletal warrior is almost destroyed.
The skeletal warrior hits you with a +0 battleaxe!!
You scratch the skeletal warrior.
The skeletal warrior is almost destroyed.
The skeletal warrior hits you with a +0 battleaxe!!
Ouch! That really hurt!
You die...
Your shape twists and changes as you die.
The centaur shouts!
You rejoin the land of the living...
You closely miss the skeletal warrior. You claw the skeletal warrior.
The skeletal warrior is severely damaged.
The skeletal warrior misses you.
You closely miss the skeletal warrior.
The skeletal warrior is severely damaged.
The skeletal warrior hits you with a +0 battleaxe!!
You scratch the skeletal warrior but do no damage.
The skeletal warrior is severely damaged.
You scratch the skeletal warrior. Your bite misses the skeletal warrior.
The skeletal warrior is severely damaged.
The skeletal warrior barely misses you.
You scratch the skeletal warrior but do no damage.
The skeletal warrior is severely damaged.
The skeletal warrior closely misses you.
You claw the skeletal warrior!
The skeletal warrior is almost destroyed.
The skeletal warrior hits you with a +0 battleaxe!
You claw the skeletal warrior!
You destroy the skeletal warrior!
There is a stone staircase leading down here.
You climb downwards.
Level annotation: dig for loot, 1 runed translucent door, Joseph; pokeman's ghost, novice DEHW
There is a stone staircase leading up here.
You start resting.
HP restored.
Warning, next level annotated: ! dangerous stuff You climb upwards.
There is a stone staircase leading down here.
You catch the helpless centaur completely off-guard!
You mangle the centaur!!
You kill the centaur!
Things that are here:
19 gold pieces; a +0 orcbow
There is a stone staircase leading up here.
There is a stone staircase leading up here.
There is a stone staircase leading up here.
There is a stone staircase leading up here.
You scratch the skeletal warrior but do no damage.
The skeletal warrior hits you with a +0 long sword!
You scratch the skeletal warrior.
The skeletal warrior is lightly damaged.
The skeletal warrior misses you.
You claw the skeletal warrior!
The skeletal warrior is lightly damaged.
The skeletal warrior hits you with a +0 long sword!!
You scratch the skeletal warrior but do no damage.
The skeletal warrior is lightly damaged.
Unknown command.
The skeletal warrior attacks as it pursues you!
The skeletal warrior completely misses you.
There is a stone staircase leading down here.
You climb downwards.
Level annotation: dig for loot, 1 runed translucent door, Joseph; pokeman's ghost, novice DEHW
There is a stone staircase leading up here.
You start resting.
HP restored.
There is a stone staircase leading up, spattered with blood here.
Warning, next level annotated: ! dangerous stuff You climb upwards.
There is a stone staircase leading down, spattered with blood here.
You closely miss the skeletal warrior. You claw the skeletal warrior.
The skeletal warrior is lightly damaged.
The skeletal warrior completely misses you.
You claw the skeletal warrior!
The skeletal warrior is lightly damaged.
The skeletal warrior misses you.
You scratch the skeletal warrior but do no damage.
The skeletal warrior is lightly damaged.
The skeletal warrior hits you with a +0 long sword!!
You scratch the skeletal warrior.
You claw the skeletal warrior, but do no damage.
The skeletal warrior is lightly damaged.
The skeletal warrior completely misses you.
You scratch the skeletal warrior but do no damage.
You claw the skeletal warrior, but do no damage.
You bite the skeletal warrior, but do no damage.
The skeletal warrior is lightly damaged.
You scratch the skeletal warrior but do no damage.
The skeletal warrior is lightly damaged.
The skeletal warrior misses you.
You scratch the skeletal warrior but do no damage.
You bite the skeletal warrior, but do no damage.
The skeletal warrior is lightly damaged.
The skeletal warrior hits you with a +0 long sword!
You scratch the skeletal warrior.
The skeletal warrior is moderately damaged.
The skeletal warrior closely misses you.
You scratch the skeletal warrior but do no damage.
You bite the skeletal warrior!
The skeletal warrior is moderately damaged.
The skeletal warrior hits you with a +0 long sword!
* * * LOW HITPOINT WARNING * * *
You see here 6 gold pieces.
You see here a +0 flail.
You see here 6 gold pieces.
Things that are here:
a +0 orcbow; 19 gold pieces
There is a stone staircase leading down here.
You climb downwards.
Level annotation: dig for loot, 1 runed translucent door, Joseph; pokeman's ghost, novice DEHW
There is a stone staircase leading up here.
You start resting.
HP restored.
Warning, next level annotated: ! dangerous stuff You climb upwards.
There is a stone staircase leading down here.
There is a stone staircase leading up here.
A skeletal warrior is nearby!
You scratch the skeletal warrior but do no damage.
You claw the skeletal warrior, but do no damage.
The skeletal warrior hits you with a +0 battleaxe!!
You scratch the skeletal warrior.
The skeletal warrior is lightly damaged.
You scratch the skeletal warrior. You claw the skeletal warrior!
The skeletal warrior is moderately damaged.
The skeletal warrior completely misses you.
You scratch the skeletal warrior.
The skeletal warrior is moderately damaged.
The skeletal warrior completely misses you.
You closely miss the skeletal warrior.
The skeletal warrior is moderately damaged.
The skeletal warrior hits you with a +0 battleaxe.
You scratch the skeletal warrior but do no damage.
The skeletal warrior is moderately damaged.
You claw the skeletal warrior!
The skeletal warrior is heavily damaged.
The skeletal warrior hits you with a +0 battleaxe!!
* * * LOW HITPOINT WARNING * * *
The skeletal warrior attacks as it pursues you!
The skeletal warrior completely misses you. [a] - 120 gold - heal wounds [b] - 378 gold - resistance and might [c] - 494 gold - curing, magic, might and brilliance Purchase which effect?
You feel much better. The skeletal warrior barely misses you.
Okay, then.
Unknown command.
You feel very mighty all of a sudden. The skeletal warrior misses you.
You scratch the skeletal warrior but do no damage.
You bite the skeletal warrior!
The skeletal warrior is severely damaged.
The skeletal warrior completely misses you.
The skeletal warrior barely misses you.
You mangle the skeletal warrior!!
You destroy the skeletal warrior!
You scratch the skeletal warrior. You claw the skeletal warrior.
The skeletal warrior is lightly damaged.
The skeletal warrior misses you.
You claw the skeletal warrior!
The skeletal warrior is moderately damaged.
The skeletal warrior hits you with a +0 long sword!
You scratch the skeletal warrior.
The skeletal warrior is moderately damaged.
You mangle the skeletal warrior!! Your bite misses the skeletal warrior.
The skeletal warrior is severely damaged.
The skeletal warrior completely misses you.
You scratch the skeletal warrior.
The skeletal warrior is severely damaged.
The skeletal warrior hits you with a +0 long sword!
You claw the skeletal warrior!
You claw the skeletal warrior, but do no damage.
The skeletal warrior is severely damaged.
The skeletal warrior hits you with a +0 long sword!
* * * LOW HITPOINT WARNING * * *
You mangle the skeletal warrior!!
The skeletal warrior is almost destroyed.
The skeletal warrior hits you with a +0 long sword!!
You die...
Your body crumbles into a pile of gold.

Skill      XL: |  1  2  3  4  5  6  7  8  9 10 11 |
---------------+----------------------------------+-----
Stealth        | 1 2 3 4 5 6 |  6.0
Unarmed Combat | 4 5 7 9 10 11 | 11.8
Dodging        | 3 4 5 6 7 8 9 |  9.0
Fighting       | 2 3 5 7 8 9 |  9.0
Shapeshifting  | 4 5 6 |  6.7
Evocations     | 3 4 5 |  5.8

Action                     |  1- 3 |  4- 6 |  7- 9 | 10-12 || total
---------------------------+-------+-------+-------+-------++-------
  Melee: Unarmed           |    91 |   201 |   303 |   316 ||   911
         Punch             |     1 |     7 |    15 |    30 ||    53
         Bite              |     4 |    17 |    43 |    43 ||   107
 Invoke: Potion Petition   |       |       |       |     1 ||     1
  Evoke: Wand              |       |     1 |     4 |    10 ||    15
    Use: Scroll            |       |     5 |     9 |     5 ||    19
         Potion            |       |     1 |       |     1 ||     2
   Stab: Sleeping          |    12 |     8 |    18 |     5 ||    43
         Distracted        |       |     2 |     4 |     2 ||     8
         Paralysed         |       |     1 |     1 |     2 ||     4
 Armour: Skin              |    16 |    59 |    80 |    70 ||   225
  Dodge: Dodged            |    45 |   126 |   198 |   231 ||   600

Levels and vault maps discovered:
D:1:      psy_arrival_whirlpool, layout_loops_corners
D:2:      layout_basic, hellmonk_ecumenical_altar_pennies_from_heaven,
          minmay_tetromino_s4, uniq_terence
D:3:      layout_basic
D:4:      layout_basic, serial_undead, serial_undead_a, serial_undead_d,
          serial_undead_d, serial_undead_f, serial_shops, shop_fountains,
          uniq_duvessa
D:5:      layout_loops_cross, mainiacjoe_overflow_brackets,
          minmay_temple_entry_arrows, uniq_edmund
D:6:      layout_cave_pools, serial_shops, nicolae_shop_bloodbath_and_beyond,
          nicolae_stop_n_shop_2, nicolae_underground_beach
D:7:      minmay_chambers_of_fours, layout_rooms, serial_rivers,
          chequers_serial_rivers_small_b, chequers_serial_rivers_small_b,
          chequers_serial_rivers_small_3, chequers_serial_rivers_room_a,
          roderic_roman_lattice
D:8:      layout_loops_cross, nicolae_vehumet_radiance,
          mainiacjoe_overflow_paths, ebering_ghost_xom, serial_glass,
          glass_columns_a, glass_columns_a, due_unseen_surprise, minmay_holes,
          uniq_joseph
D:9:      kennysheep_housing_project, layout_basic,
          mainiacjoe_overflow_24_doors, orc_0_dummy, enter_bailey_3,
          uniq_gastronok, uniq_erica, uniq_jeremiah, uniq_prince_ribbit1
D:10:     layout_long_grid, dpeg_lair_monsters, enter_trove_2,
          corexii_corridor_pit
Temple:   mainiacjoe_temple_bowtie_tessellation

Notes
Turn   | Place    | Note
-------+----------+-------------------------------------------
     0 | D:1      | scionoferis the Felid Shapeshifter began the quest for the
                  | Orb.
     0 | D:1      | Reached XP level 1. HP: 9/9 MP: 2/2
    56 | D:1      | Reached skill level 1 in Stealth
   153 | D:1      | Reached XP level 2. HP: 6/12 MP: 3/3
   224 | D:1      | Reached skill level 2 in Stealth
   703 | D:1      | Reached XP level 3. HP: 15/15 MP: 4/4
   979 | D:2      | Identified the +11 whip of the Postmodern Mystics {venom,
                  | *Noise Dex+4}
   999 | D:2      | Reached skill level 3 in Stealth
  1149 | D:2      | Noticed Terence
  1216 | D:2      | Found a faded altar of an unknown god.
  1247 | D:2      | Reached skill level 4 in Unarmed Combat
  1417 | D:2      | Reached XP level 4. HP: 15/19 MP: 5/5
  1558 | D:2      | HP: 1/19 [dart slug (1)]
  1559 | D:2      | Succumbed to an adder's poison
  1601 | D:2      | Reached skill level 4 in Stealth
  2077 | D:3      | Identified the +11 short sword of Xibuhed {holy, rElec rF-
                  | Will+ Int+8}
  2498 | D:3      | Reached XP level 5. HP: 13/22 MP: 6/6
  2915 | D:4      | Reached skill level 5 in Stealth
  3115 | D:4      | Found Tawkich's Weapon Emporium.
  3226 | D:4      | Reached skill level 5 in Unarmed Combat
  3334 | D:4      | Reached skill level 3 in Dodging
  3342 | D:4      | Gained mutation: You are covered in thick fur. (AC +2)
                  | [Felid growth]
  3342 | D:4      | Reached XP level 6. HP: 7/25 MP: 7/7
  3744 | D:4      | Reached skill level 2 in Fighting
  3750 | D:4      | Upgraded the game from 0.31-a0-743-g45f7035092 to
                  | 0.31-a0-744-gbc345e7fcb
  4048 | D:4      | Noticed Duvessa
  4114 | D:4      | Reached skill level 4 in Shapeshifting
  4119 | D:4      | Reached skill level 4 in Dodging
  4119 | D:4      | Reached XP level 7. HP: 14/30 MP: 8/8
  4288 | D:5      | Entered Level 5 of the Dungeon
  4288 | D:5      | Noticed Edmund
  4295 | D:5      | Killed Edmund
  4296 | D:5      | Reached skill level 6 in Unarmed Combat
  4340 | D:5      | Found a staircase to the Ecumenical Temple.
  4352 | Temple   | Entered the Ecumenical Temple
  4380 | Temple   | Became a worshipper of Gozag Ym Sagoz the Greedy
  4412 | D:5      | HP: 3/30 [iguana (8)]
  4541 | D:5      | Reached skill level 3 in Fighting
  4667 | D:5      | Found a glowing silver altar of Zin.
  4713 | D:5      | Reached skill level 5 in Dodging
  5032 | D:5      | Reached skill level 7 in Unarmed Combat
  5032 | D:5      | Reached XP level 8. HP: 34/34 MP: 9/9
  5621 | D:6      | Found Teokomem's Magic Scroll Shop.
  5643 | D:6      | Reached skill level 4 in Fighting
  5655 | D:5      | Reached skill level 6 in Dodging
  5687 | D:6      | Reached skill level 8 in Unarmed Combat
  5812 | D:6      | Found Ceit's Weapon Emporium.
  5896 | D:6      | Bought a scroll of identify for 28 gold pieces
  5896 | D:6      | Bought a scroll of identify for 28 gold pieces
  5896 | D:6      | Bought a scroll of teleportation for 42 gold pieces
  6088 | D:6      | Mangled by an orc warrior
  6311 | D:6      | Reached skill level 5 in Fighting
  6457 | D:6      | Got the Quarto of the Foggy Volcano
  6732 | D:7      | HP: 3/37 [black bear (11)]
  6734 | D:7      | Reached skill level 9 in Unarmed Combat
  6992 | D:7      | Reached XP level 9. HP: 40/40 MP: 10/10
  7294 | D:7      | Noticed a skeletal warrior
  7294 | D:7      | Noticed a skeletal warrior
  7334 | D:7      | Reached skill level 1 in Evocations
  7467 | D:7      | Noticed a komodo dragon
  7914 | D:2      | Killed Terence
  8021 | D:4      | Noticed Dowan
  8162 | D:4      | Dowan changed into Dowan the howler monkey
  8162 | D:4      | Noticed Dowan
  8316 | D:4      | Killed Dowan the howler monkey
  8330 | D:4      | Killed Duvessa
  8605 | D:8      | Noticed Joseph
  8635 | D:8      | Reached skill level 6 in Fighting
  8659 | D:8      | Found a sacrificial altar of Ru.
  8945 | D:8      | Reached skill level 6 in Stealth
  8947 | D:8      | Reached skill level 2 in Evocations
  8996 | D:8      | Found a runed translucent door.
  8996 | D:8      | Found a shimmering altar of Xom.
  8996 | D:8      | Noticed pokeman's ghost (novice DEHW)
  8996 | D:8      | Noticed a +1 whip of chaos
  9177 | D:8      | Noticed a two-headed ogre
  9372 | D:8      | Found a radiant altar of Vehumet.
  9951 | D:8      | Reached skill level 7 in Dodging
 10085 | D:9      | Identified a +2 robe of resistance
 10085 | D:9      | Noticed Jeremiah
 10087 | D:9      | Killed Jeremiah
 10133 | D:9      | Noticed Prince Ribbit
 10138 | D:9      | Found a flagged portal.
 10149 | Bailey   | Entered a bailey
 10244 | Bailey   | Reached skill level 5 in Shapeshifting
 10406 | Bailey   | Reached skill level 10 in Unarmed Combat
 10406 | Bailey   | Reached skill level 3 in Evocations
 10532 | Bailey   | Reached skill level 7 in Fighting
 10532 | Bailey   | Reached XP level 10. HP: 23/47 MP: 11/11
 10748 | Bailey   | Noticed an orc knight
 10751 | Bailey   | Killed an orc knight
 11306 | Bailey   | Found an iron altar of Okawaru.
 11316 | Bailey   | Noticed an orange demon
 11565 | D:9      | Killed Prince Ribbit
 11677 | D:9      | Noticed Gastronok
 11690 | D:9      | Killed from afar by Gastronok
 11894 | D:9      | Reached skill level 8 in Dodging
 11894 | D:9      | Reached skill level 4 in Evocations
 12065 | D:9      | Found an ancient bone altar of Kikubaaqudgha.
 12087 | D:9      | Found a staircase to the Orcish Mines.
 12154 | D:9      | Reached skill level 8 in Fighting
 12268 | D:9      | Noticed Erica
 12270 | D:9      | Killed Erica
 12535 | D:9      | Reached skill level 11 in Unarmed Combat
 12547 | D:9      | Reached skill level 6 in Shapeshifting
 13102 | D:6      | Bought a scroll of vulnerability for 56 gold pieces
 13170 | D:8      | Killed a two-headed ogre
 13171 | D:8      | Reached XP level 11. HP: 11/52 MP: 12/12
 13451 | D:9      | Reached skill level 5 in Evocations
 13714 | D:10     | Entered Level 10 of the Dungeon
 14102 | D:10     | Noticed a death yak
 14110 | D:10     | Acquired a manual of Fire Magic
 14246 | D:10     | Reached skill level 9 in Dodging
 14331 | D:10     | Noticed a death yak
 14359 | D:10     | Noticed a death yak
 14359 | D:10     | Noticed a death yak
 14663 | D:10     | Reached skill level 9 in Fighting
 14732 | D:10     | Found a portal to a secret trove of treasure.
 15098 | D:7      | Noticed a skeletal warrior
 15495 | D:7      | Mangled by a skeletal warrior
 15524 | D:7      | Killed a skeletal warrior
 15954 | D:7      | HP: 3/53 [skeletal warrior/+0 long sword (13)]
 16211 | D:7      | Killed a skeletal warrior
 16219 | D:7      | HP: 1/53 [skeletal warrior/+0 long sword (15)]
 16220 | D:7      | Annihilated by a skeletal warrior

Vanquished Creatures
  Erica (D:9)
  A two-headed ogre (D:8)
  2 skeletal warriors (D:7)
  An orc knight (Bailey)
  A cyclops (D:10)
  Jeremiah (D:9)
  3 kobold demonologists (Bailey D:10)
  A komodo dragon (D:7)
  A troll (D:10)
  Prince Ribbit (D:9)
  2 shadows (D:10)
  A steam dragon (D:7)
  2 wyverns (D:8)
  4 yaks (D:7 D:9)
  Edmund (D:5)
  Duvessa (D:4)
  11 orc warriors (D:6 D:7 Bailey D:9 D:10)
  3 ice beasts (D:5 D:6 D:7)
  2 sky beasts (D:6)
  4 black bears (D:5 D:7)
  An ogre (D:9)
  4 centaurs (D:9 D:7)
  2 kobold brigands (D:8 D:9)
  4 gnoll sergeants (D:8 D:9)
  3 scorpions (D:5 D:6)
  A bullfrog (D:7)
  4 killer bees (D:9)
  A howler monkey (D:4)
  A bullfrog zombie (D:4)
  2 centaur zombies (D:4)
  3 jellies (D:5 D:8)
  7 hounds (D:5 D:7 D:9)
  A bullfrog skeleton (D:4)
  A centaur skeleton (D:4)
  7 orc priests (D:4 D:5 D:6 D:8 D:10)
  3 gnoll boudas (D:8 D:9)
  2 scorpion zombies (D:4)
  Terence (D:2)
  A sleepcap (D:7)
  2 iguanas (D:5)
  10 orc wizards (D:4 D:7 D:9 D:10)
  A hound zombie (D:4)
  A hound skeleton (D:4)
  25 gnolls (D:4 D:8 D:7 Bailey D:9)
  12 adders (D:2 D:3 D:4 D:6)
  3 shadow imps (D:5)
  2 white imps (D:6 D:7)
  An adder zombie (D:4)
  2 worms (D:2)
  4 dart slugs (D:1 D:2 D:4)
  38 orcs (D:4 D:3 D:5 D:6 D:7)
  13 ball pythons (D:1 D:2 D:3 D:4)
  6 bats (D:1 D:2 D:3)
  8 endoplasms (D:1 D:2 D:4)
  6 giant cockroaches (D:1 D:2 D:3)
  12 goblins (D:2 D:3 D:9 Bailey)
  21 hobgoblins (D:1 D:2 D:3 D:4 Bailey)
  2 jackals (D:4)
  24 kobolds (D:1 D:2 D:4 D:8 D:7)
  5 quokkas (D:1 D:5)
  3 frilled lizards (D:1 D:2 D:3)
  8 rats (D:1 D:2 D:3)
302 creatures vanquished.

Table legend: (Time is in decaauts)
 A = Elapsed time spent in this place.
 B = Non-inter-level travel time spent in this place.
 C = Inter-level travel time spent in this place.
 D = Time resting spent in this place.
 E = Time spent auto-exploring this place.
 F = Levels seen in this place.
 G = Mean time per level.
                   A        B        C        D        E       F      G
               +--------+--------+--------+--------+--------+-----+--------+
         Total |  14079 |  12830 |   1249 |   3790 |   3862 |  12 | 1173.2 |
       Dungeon |  12680 |  11472 |   1208 |   3197 |   3688 |  10 | 1268.0 |
        Temple |    150 |    110 |     40 |    101 |      0 |   1 |  150.0 |
        Bailey |   1248 |   1248 |      0 |    492 |    173 |   1 | 1248.0 |
               +--------+--------+--------+--------+--------+-----+--------+

Top non-repeatable levels by time:
     D:7: 1892 daAuts
     D:8: 1705 daAuts
     D:9: 1656 daAuts
     D:4: 1656 daAuts
  Bailey: 1248 daAuts
     D:5: 1201 daAuts
     D:6: 992 daAuts
     D:3: 943 daAuts
    D:10: 915 daAuts
     D:2: 910 daAuts
     D:1: 807 daAuts
  Temple: 150 daAuts

Table legend:
 A = Non-vault XP
 B = Vault XP
 C = Vault XP percentage of total XP
 D = Non-vault monster count
 E = Vault monster count
 F = Vault count percentage of total count
                 A         B        C        D         E       F
            +---------+---------+-------+---------+---------+-------
      Total |    9494 |    6261 |  39.7 |     215 |      87 |  28.8
            +---------+---------+-------+---------+---------+-------
        D:1 |      50 |       0 |   0.0 |      30 |       0 |   0.0
        D:2 |      95 |      38 |  28.6 |      28 |       3 |   9.7
        D:3 |      74 |       0 |   0.0 |      17 |       0 |   0.0
        D:4 |     217 |     535 |  71.1 |      26 |      12 |  31.6
        D:5 |     795 |     164 |  17.1 |      19 |       1 |   5.0
        D:6 |     778 |       0 |   0.0 |      12 |       0 |   0.0
        D:7 |    2224 |     873 |  28.2 |      17 |       6 |  26.1
        D:8 |    1654 |       0 |   0.0 |      23 |       0 |   0.0
        D:9 |    1491 |    2422 |  61.9 |      23 |      37 |  61.7
       D:10 |    2116 |       0 |   0.0 |      20 |       0 |   0.0
     Bailey |       0 |    2229 | 100.0 |       0 |      28 | 100.0
            +---------+---------+-------+---------+---------+-------
